 Dungeon Crawl Stone Soup version 0.28-a0-628-g3c9886e45e (webtiles) character file.

Game seed: 18272166939957728446

18407 pokeman the Eclecticist (level 12, -2/66 HPs)
             Began as a Deep Elf Hedge Wizard on Oct 8, 2021.
             Was a Follower of Vehumet.
             Killed from afar by Azrael (12 damage)
             ... with damnation
             ... on level 12 of the Dungeon.
             The game lasted 00:52:46 (20114 turns).

pokeman the Eclecticist (Deep Elf Hedge Wizard)    Turns: 20114, Time: 00:52:47

Health: -2/66      AC: 11    Str:  7    XL:     12   Next: 27%
Magic:  28/35      EV: 11    Int: 31    God:    Vehumet [*.....]
Gold:   894        SH: 10    Dex: 14    Spells: 26/45 levels left

rFire   + . .      SeeInvis .   D - staff of conjuration
rCold   . . .      Faith    .   p - +0 buckler
rNeg    + + +      Spirit   .   c - +0 acid dragon scales
rPois   .          Reflect  +   P - +2 hat
rElec   .          Harm     .   N - scarf {rC+ rF+}
rCorr   +          Rampage  .   K - +0 pair of gloves
Will    +....      Clarity  +   L - +0 pair of boots of Lilacs {rC- rN++}
Stlth   ++........              R - amulet of reflection
HPRegen 0.21/turn               y - +6 ring of intelligence
MPRegen 0.24/turn               V - ring of positive energy

@: very slightly contaminated
A: horns 1, clarity
a: Renounce Religion


You were on level 12 of the Dungeon.
You worshipped Vehumet.
Vehumet was aware of your devotion.
You visited 2 branches of the dungeon, and saw 13 of its levels.

You collected 906 gold pieces.
You spent 12 gold pieces at shops.

Inventory:

Hand Weapons
 j - a +0 shortbow
 U - the +4 scimitar "Kyash" {vorpal, *Noise rF+ rN++}
   (You found it on level 10 of the Dungeon)

   It inflicts extra damage upon your enemies.
   rF:        It protects you from fire.
   rN:        It greatly protects you from negative energy.
   *Noise:    It may make noises in combat.
Missiles
 g - 127 bolts
 n - 240 arrows
Armour
 c - +0 acid dragon scales (worn)
 p - a +0 buckler (worn)
 F - a +2 robe of fire resistance
 K - a +0 pair of gloves (worn)
 L - the +0 pair of boots of Lilacs (worn) {rC- rN++}
   (You found it on level 12 of the Dungeon)

   rC:        It makes you vulnerable to cold.
   rN:        It greatly protects you from negative energy.
 N - a scarf of resistance (worn)
 P - a +2 hat (worn)
Magical Staves
 D - a staff of conjuration (weapon)
Jewellery
 o - a ring of ice
 y - a +6 ring of intelligence (left hand)
 R - an amulet of reflection (around neck)
 V - a ring of positive energy (right hand)
Wands
 f - a wand of iceblast (16)
 W - a wand of mindburst (16)
 Z - a wand of digging (6)
Scrolls
 a - a scroll of fear
 i - a scroll of blinking
 q - 3 scrolls of teleportation
 G - a scroll of brand weapon {unknown}
Potions
 b - 2 potions of haste {unknown}
 e - 5 potions of curing
 r - 2 potions of attraction {unknown}
 w - a potion of ambrosia {unknown}
 E - 4 potions of heal wounds
 H - a potion of resistance {unknown}
 J - 2 potions of might {unknown}
 M - a potion of invisibility {unknown}
Miscellaneous
 k - a box of beasts
 A - a condenser vane
 B - a lightning rod (4/4)


   Skills:
 - Level 4.0 Fighting
 + Level 4.4 Armour
 - Level 3.1 Dodging
 - Level 4.0 Stealth
 - Level 4.0 Shields
 * Level 17.0 Spellcasting
 + Level 10.1 Conjurations
 + Level 6.9 Summonings
 - Level 1.1 Translocations
 - Level 6.0 Fire Magic
 - Level 1.0 Air Magic
 - Level 1.3 Poison Magic
 - Level 1.0 Evocations


You had 26 spell levels left.
You knew the following spells:

 Your Spells              Type           Power      Damage    Failure   Level
a - Magic Dart            Conj           100%       1d8       1%          1
b - Mephitic Cloud        Conj/Pois/Air  68%        N/A       1%          3
c - Call Imp              Summ           62%        N/A       1%          2
d - Blink                 Tloc           N/A        N/A       2%          2
e - Conjure Flame         Conj/Fire      85%        6-21      1%          3
f - Foxfire               Conj/Fire      100%       2x1d9     1%          1
g - Orb of Destruction    Conj           46%        9d15      36%         7

Your spell library contained the following spells:

 Spells                   Type           Power      Damage    Failure   Level
 Apportation              Tloc           66%        N/A       1%          1
 Summon Small Mammal      Summ           100%       N/A       1%          1
 Summon Guardian Golem    Hex/Summ       47%        N/A       1%          3
 Iskenderun's Battlesphe  Conj           93%        2d14      1%          5
 Animate Skeleton         Necr           52%        N/A       2%          1
 Beastly Appendage        Tmut           52%        N/A       2%          1
 Slow                     Hex            26%        N/A       4%          2
 Wereblood                Tmut           26%        N/A       4%          2
 Spider Form              Tmut/Pois      15%        N/A       6%          3
 Iron Shot                Conj/Erth      36%        9d7       50%         6
 Alistair's Intoxication  Tmut/Pois      20%        N/A       52%         5
 Spellforged Servitor     Conj/Summ      43%        N/A       58%         7
 Invisibility             Hex            13%        N/A       99%         6


Dungeon Overview and Level Annotations

Branches:
Dungeon (12/15)            Temple (1/1) D:6            Lair (0/6) D:8
    Orc (0/2) D:11

Altars:
Ashenzari
Cheibriados
Dithmenos
Elyvilon
Fedhas
Gozag
Hepliaklqana
Kikubaaqudgha
Makhleb
Nemelex Xobeh
Okawaru
Qazlal
Ru
Sif Muna
Trog
Uskayaw
Vehumet
Wu Jian
Xom
Yredelemnul
Zin
The Shining One

Shops:
D:7 *   D:9 *   D:10 (

Annotations:
D:11 2 transporters, mordus's ghost, journeyman HOFi
D:12 Azrael


Innate Abilities, Weirdness & Mutations

You have a pair of small horns on your head.
You possess an exceptional clarity of mind.


Message History

Confirm with . or Enter, or press ? or * to list all spells.
Aiming: Magic Dart (safe; 1% risk of failure)
Press: ? - help, Shift-Dir - straight line, f/p - hell hound
Aim: a hell hound (heavily wounded, confused, 100% to hit)
You feel a surge of power!
The magic dart hits the hell hound.
The hell hound is severely wounded.
Unknown command.
You block the hell hound's attack.
You climb upwards.
Level annotation: 2 transporters, mordus's ghost, journeyman HOFi
There is a stone staircase leading down here.
There is an open door here.
There is a stone staircase leading down here.
You start resting.
Magic restored.
You start resting.
HP restored.
You climb downwards.
Level annotation: Azrael
There is a stone staircase leading up here.
J - 2 murky grey potions (gained 1)
E - 4 potions of heal wounds (gained 1)
n - 240 arrows (gained 18) Azrael gestures at you.
The sphere of damnation explodes!
The damnation engulfs you!!
You hear a bark!
You hear a roar!
You hear a bark! x2
Casting: Magic Dart (safe; 1% risk of failure)
Confirm with . or Enter, or press ? or * to list all spells.
The spell is extremely dangerous to cast (36% risk of failure)!
Continue anyway?
Aiming: Orb of Destruction (extremely dangerous; 36% risk of failure)
Press: ? - help, Shift-Dir - straight line, f - Azrael
Aim: Azrael, wielding a +0 scimitar of flaming You feel a surge of power!
You miscast Orb of Destruction.
You are very lightly contaminated with residual magic.
Energy rips through your body!!
* * * LOW HITPOINT WARNING * * *
A fire elemental comes into view.
Azrael gestures at you.
The sphere of damnation explodes!
The damnation engulfs you!
You die...

.###...####.#....##
#..........R......###.^.
#.........##....#..###..
#.....[...###☼[.##..#...
#.........# ##.####.#...
#.##....#.# #..R☼°R....
.........# #######h#.. #...#..#.#
#......<.. #..##.@..# #.##......
####..#..#..# #.#.......
###.....#.##..## #........#
##...##....##...# #.........
#####..###..#..##.#.# #..........
......#............hR............
........##...........○○☼......#..
........##............D°..#####.#
........#..............E..# #.#


You could see Azrael, a five-headed hydra and a hell hound.

Vanquished Creatures
  Gastronok (D:9)
  Harold (D:10)
  A boulder beetle (D:11)
  Erica (D:8)
  4 two-headed ogres
  4 manticores
  A cyclops (D:12)
  An unseen horror (D:11)
  A gargoyle (D:10)
  Maggie (D:9)
  2 trolls
  3 slime creatures (D:11)
  A meliai zombie (D:10)
  4 shadows
  A wraith (D:10)
  2 wyverns (D:10)
  13 yaks
  2 vampire mosquitoes (D:11)
  A fire elemental (D:12)
  A steam dragon (D:8)
  4 water moccasins
  An ice beast (D:7)
  A swamp drake (D:11)
  5 orc warriors
  5 black bears
  A necrophage (D:8)
  4 ogres
  2 centaurs (D:9)
  4 phantoms
  5 bullfrogs
  2 kobold brigands
  2 scorpions
  A water moccasin zombie (D:6)
  5 killer bees
  6 howler monkeys
  9 centaur zombies
  7 orc priests
  2 hounds (D:6)
  3 jellies
  A gnoll shaman (D:5)
  3 iguanas
  10 orc wizards
  A howler monkey zombie (D:7)
  3 gnolls (D:5)
  13 adders
  2 howler monkey skeletons
  2 shadow imps (D:6)
  2 white imps
  3 ufetubi
  2 worms
  3 dart slugs (D:1)
  46 orcs
  8 bats
  10 endoplasms
  5 giant cockroaches
  6 goblins
  6 hobgoblins
  2 jackals (D:1)
  8 kobolds
  16 ball pythons
  3 frilled lizards
  18 rats
288 creatures vanquished.

Vanquished Creatures (collateral kills)
  The ghost of AlleluiaPinecone the Sneak, a novice VSBr of Gozag (D:4)
  A kobold brigand (D:4)
  A gnoll shaman (D:6)
  A worm (D:2)
4 creatures vanquished.

Vanquished Creatures (others)
  36 fungi (D:8)
  60 plants
96 creatures vanquished.

Grand Total: 388 creatures vanquished

Notes
Turn   | Place    | Note
-------+----------+-------------------------------------------
     0 | D:1      | pokeman the Deep Elf Hedge Wizard began the quest for the
                  | Orb.
     0 | D:1      | Reached XP level 1. HP: 10/10 MP: 7/7
   336 | D:1      | Reached XP level 2. HP: 13/15 MP: 6/9
   550 | D:1      | Found a faded altar of an unknown god.
   798 | D:1      | Reached skill level 5 in Spellcasting
   947 | D:1      | Reached XP level 3. HP: 20/20 MP: 5/11
   951 | D:1      | Learned a level 3 spell: Mephitic Cloud
   954 | D:1      | Learned a level 2 spell: Call Imp
   957 | D:1      | Learned a level 2 spell: Blink
   961 | D:1      | Learned a level 3 spell: Conjure Flame
  1510 | D:2      | Reached skill level 1 in Armour
  1517 | D:2      | Reached skill level 1 in Fighting
  2013 | D:2      | Reached XP level 4. HP: 25/25 MP: 3/13
  3205 | D:3      | Reached skill level 1 in Fire Magic
  3608 | D:3      | Reached skill level 6 in Spellcasting
  3608 | D:3      | Reached XP level 5. HP: 24/29 MP: 7/15
  3937 | D:4      | Found a snail-covered altar of Cheibriados.
  4386 | D:4      | Reached skill level 1 in Air Magic
  4956 | D:4      | Reached skill level 1 in Shields
  4956 | D:4      | Reached XP level 6. HP: 7/34 MP: 7/17
  5239 | D:4      | Found an ancient bone altar of Kikubaaqudgha.
  5535 | D:4      | Reached skill level 7 in Spellcasting
  5535 | D:4      | Reached skill level 1 in Poison Magic
  5612 | D:4      | Found a runed translucent gate.
  5612 | D:4      | Found a runed translucent gate.
  5612 | D:4      | Found a runed translucent gate.
  5614 | D:4      | Noticed AlleluiaPinecone's ghost (novice VSBr)
  5824 | D:4      | Killed AlleluiaPinecone's ghost
  5825 | D:4      | Reached XP level 7. HP: 30/38 MP: 3/20
  5967 | D:5      | Entered Level 5 of the Dungeon
  5977 | D:5      | Reached skill level 8 in Spellcasting
  6033 | D:5      | Found an iron altar of Okawaru.
  6778 | D:5      | Gained mutation: You possess an exceptional clarity of
                  | mind. [potion of mutation]
  6778 | D:5      | Gained mutation: You have a pair of small horns on your
                  | head. [potion of mutation]
  6789 | D:5      | Reached XP level 8. HP: 8/44 MP: 2/22
  7053 | D:5      | Reached skill level 9 in Spellcasting
  8094 | D:6      | Found a staircase to the Ecumenical Temple.
  8105 | Temple   | Entered the Ecumenical Temple
  8233 | D:6      | Found a large runed translucent door.
  8233 | D:6      | Noticed a manticore
  8234 | D:6      | Found a large runed translucent door.
  8242 | D:6      | Reached skill level 5 in Conjurations
  8293 | D:6      | Noticed a manticore
  8311 | D:6      | Reached skill level 1 in Evocations
  8317 | D:6      | Killed a manticore
  8318 | D:6      | Reached skill level 10 in Spellcasting
  8484 | D:6      | Reached XP level 9. HP: 33/48 MP: 10/25
  8692 | D:6      | Found a large runed translucent door.
  8768 | D:6      | Found a large runed translucent door.
  8859 | D:6      | Identified the +1 ring mail of the Blue Skies {+Inv rCorr
                  | Dex-2 Slay+3}
  8930 | D:6      | Found the +9 sword of Zonguldrok {reap}
  8944 | D:6      | Reached skill level 11 in Spellcasting
  9435 | D:6      | Killed a manticore
  9723 | D:7      | Found Arudiush's CLEARANCE SALE!.
  9731 | D:7      | Bought a scroll of identify for 12 gold pieces
 10055 | D:7      | Found a hide-covered altar of Uskayaw.
 10230 | D:7      | Reached skill level 12 in Spellcasting
 10297 | D:7      | Found a burning altar of Makhleb.
 10356 | D:7      | Found a stormy altar of Qazlal.
 11291 | D:8      | Reached XP level 10. HP: 18/53 MP: 18/28
 11403 | D:8      | Noticed a two-headed ogre
 11507 | D:8      | Noticed Erica
 11529 | D:8      | Killed Erica
 11530 | D:8      | Reached skill level 13 in Spellcasting
 11695 | D:8      | Killed a two-headed ogre
 11830 | D:8      | Found a white marble altar of Elyvilon.
 12161 | D:8      | Reached skill level 5 in Summonings
 12494 | D:8      | Found a staircase to the Lair.
 12738 | D:8      | Found a shimmering blue altar of Sif Muna.
 12944 | D:8      | Noticed a two-headed ogre
 12961 | D:8      | Killed a two-headed ogre
 12962 | D:8      | Reached skill level 14 in Spellcasting
 13974 | D:9      | Reached skill level 5 in Fire Magic
 14029 | D:9      | Found a radiant altar of Vehumet.
 14034 | D:9      | Became a worshipper of Vehumet
 14043 | D:9      | Learned a level 7 spell: Orb of Destruction
 14073 | D:9      | Reached XP level 11. HP: 30/60 MP: 16/31
 14313 | D:9      | Noticed Gastronok
 14340 | D:9      | Killed Gastronok
 14715 | D:9      | Found Zin's Purification Station.
 14717 | D:9      | Found a glowing silver altar of Zin.
 14743 | D:9      | Noticed Maggie
 14760 | D:9      | Killed Maggie
 15101 | D:10     | Entered Level 10 of the Dungeon
 15341 | D:10     | Reached skill level 15 in Spellcasting
 15522 | D:10     | Noticed a two-headed ogre
 15546 | D:10     | Killed a two-headed ogre
 16098 | D:10     | Noticed a two-headed ogre
 16120 | D:10     | Killed a two-headed ogre
 16216 | D:10     | Found a broken altar of Ashenzari.
 16243 | D:10     | Found a sacrificial altar of Ru.
 16444 | D:10     | Found a bloodstained altar of Trog.
 16447 | D:10     | Noticed Harold
 16459 | D:10     | Killed Harold
 16663 | D:10     | Identified the +4 scimitar "Kyash" {vorpal, *Noise rF+
                  | rN++}
 16672 | D:10     | Found Muhap's Weapon Boutique.
 17094 | D:11     | Noticed a boulder beetle
 17140 | D:11     | Killed a boulder beetle
 17141 | D:11     | Reached skill level 16 in Spellcasting
 17591 | D:11     | Found a transporter.
 17597 | D:11     | Noticed mordus's ghost (journeyman HOFi)
 17776 | D:11     | Found a transporter.
 17789 | D:11     | Reached * piety under Vehumet
 17789 | D:11     | Offered knowledge of Sandblast by Vehumet.
 17987 | D:11     | Reached XP level 12. HP: 66/66 MP: 32/34
 18659 | D:11     | Found a staircase to the Orcish Mines.
 19122 | D:12     | Reached skill level 10 in Conjurations
 19582 | D:12     | Found a bloodstained altar of Trog.
 19606 | D:12     | Identified the +0 pair of boots of Lilacs {rC- rN++}
 19623 | D:12     | Noticed a five-headed hydra
 19713 | D:8      | Reached ** piety under Vehumet
 19713 | D:8      | Offered knowledge of Foxfire by Vehumet.
 19716 | D:8      | Learned a level 1 spell: Foxfire
 19985 | D:12     | Reached skill level 17 in Spellcasting
 20020 | D:12     | Noticed Azrael
 20114 | D:12     | Killed from afar by Azrael

Illustrated notes

Levels and vault maps discovered:
D:1:      lemuel_arrival_funnel, layout_loops_ring,
          hellmonk_ecumenical_altar_pennies_from_heaven, moated_statue
D:2:      layout_rooms, minmay_rat_gold_closets
D:3:      cheibrodos_old_hovel, layout_loops_corners,
          hangedman_abyss_or_decor_lesser_grid
D:4:      layout_loops_cross, mainiacjoe_overflow_alcove_1,
          kennysheep_mini_moat, ebering_ghost_rock_garden, minmay_snake_closets
D:5:      layout_gridville, mainiacjoe_overflow_small_starburst
D:6:      layout_loops_cross, temple_statues, minivault_26, eino_curves_04,
          minmay_hollow_rounded_squares
D:7:      layout_cave_pods, mainiacjoe_overflow_paths,
          mainiacjoe_overflow_concentric_impassable, amcnicky_altar_gilded,
          serial_glass, glass_columns_a, glass_columns_c, glass_columns_a,
          glass_columns_a, nicolae_shop_clearance
D:8:      layout_gridville, mainiacjoe_overflow_six_doors_small,
          nicolae_elyvilon_temple_path, due_lair_maze_entry_diamond,
          lightli_corner_chamber, uniq_erica
D:9:      layout_irregular_city, mainiacjoe_overflow_24_doors, zin_purify,
          minmay_misc_feat_x, uniq_maggie, uniq_gastronok
D:10:     layout_roguey, lemuel_crystal_altar, ashenzari_conservatory_becter,
          mainiacjoe_overflow_boulevard, serial_rivers,
          chequers_serial_rivers_room_b, chequers_serial_rivers_large_a,
          chequers_serial_rivers_micro_d, chequers_serial_rivers_small_3,
          chequers_serial_rivers_micro_a, minmay_misc_feat_iff,
          minmay_liquid_box, kennysheep_small_square, uniq_harold
D:11:     layout_roguey, erik_orc_1, gammafunk_ghost_stat_death, minivault_24
D:12:     layout_rooms, trog_three_pillars_becter, uniq_azrael
Temple:   jpeg_temple_island

Skill      XL: |  1  2  3  4  5  6  7  8  9 10 11 12 |
---------------+-------------------------------------+-----
Spellcasting   | 5 6 7 8 10 12 14 16 17 | 17.0
Armour         | 1 2 3 4 |  4.4
Fighting       | 1 2 3 4 |  4.0
Conjurations   | 2 3 4 5 7 8 9 10 | 10.1
Fire Magic     | 1 3 4 5 6 |  6.0
Dodging        | 3 |  3.1
Air Magic      | 1 |  1.0
Shields        | 1 2 3 4 |  4.0
Poison Magic   | 1 |  1.3
Stealth        | 3 4 |  4.0
Summonings     | 2 4 5 6 |  6.9
Evocations     | 1 |  1.0
Translocations | |  1.1

Action                   |  1- 3 |  4- 6 |  7- 9 | 10-12 || total
-------------------------+-------+-------+-------+-------++-------
Melee: Dagger            |     4 |       |       |       ||     4
       Mace              |       |     9 |     9 |       ||    18
       Whip              |       |       |    82 |       ||    82
       Headbutt          |       |       |    10 |    11 ||    21
       Staff             |       |       |     7 |    80 ||    87
 Cast: Magic Dart        |   113 |   159 |   233 |   359 ||   864
       Call Imp          |     2 |     8 |     1 |    11 ||    22
       Mephitic Cloud    |       |     5 |    26 |    47 ||    78
       Conjure Flame     |       |     4 |    15 |   103 ||   122
       Blink             |       |       |     2 |       ||     2
       Orb of Destructio |       |       |       |     1 ||     1
Evoke: Wand              |       |       |       |    16 ||    16
  Use: Potion            |       |       |     3 |       ||     3
       Scroll            |       |       |       |    11 ||    11
 Stab: Confused          |       |       |     8 |     4 ||    12
Armor: Robe              |     3 |       |       |       ||     3
       Leather armour    |     3 |     6 |    25 |    10 ||    44
       Acid dragon scale |       |       |       |    41 ||    41
Dodge: Dodged            |    12 |    23 |   100 |    91 ||   226
Block: Buckler           |       |       |       |    57 ||    57
       Reflection        |       |       |       |     3 ||     3

Table legend: (Time is in decaauts)
 A = Elapsed time spent in this place.
 B = Non-inter-level travel time spent in this place.
 C = Inter-level travel time spent in this place.
 D = Time resting spent in this place.
 E = Time spent auto-exploring this place.
 F = Levels seen in this place.
 G = Mean time per level.
                   A        B        C        D        E       F      G
               +--------+--------+--------+--------+--------+-----+--------+
         Total |  20182 |  19443 |    739 |   1130 |  15255 |  13 | 1552.5 |
       Dungeon |  20059 |  19336 |    723 |   1130 |  15188 |  12 | 1671.6 |
        Temple |    123 |    107 |     16 |      0 |     67 |   1 |  123.0 |
               +--------+--------+--------+--------+--------+-----+--------+

Top non-repeatable levels by time:
     D:6: 2423 daAuts
     D:8: 2341 daAuts
     D:4: 2065 daAuts
    D:11: 2053 daAuts
    D:10: 1976 daAuts
     D:9: 1774 daAuts
     D:7: 1473 daAuts
     D:3: 1344 daAuts
     D:1: 1322 daAuts
     D:2: 1243 daAuts
     D:5: 1227 daAuts
    D:12: 814 daAuts
  Temple: 123 daAuts
